 Dungeon Crawl Stone Soup version 0.19.5 (webtiles) character file.

72 Nelagord the Charmwright (level 4, 0/35 HPs)
             Began as a Human Skald on Mar 16, 2017.
             Slain by an orc wizard
             ... wielding a +0 dagger
              (2 damage)
             ... on level 3 of the Dungeon.
             The game lasted 00:03:20 (2107 turns).

Nelagord the Charmwright (Human Skald)              Turns: 2107, Time: 00:03:21

Health: 0/35       AC:  4    Str: 14    XL:     4   Next: 50%
Magic:  7/7        EV: 11    Int: 12    God:
Gold:   127        SH:  0    Dex: 12    Spells: 1 memorised, 6 levels left

rFire  . . .     SeeInvis .     a - +0 falchion
rCold  . . .     Gourm    .     b - +0 leather armour
rNeg   . . .     Faith    .     (no shield)
rPois  .         Spirit   .     (no helmet)
rElec  .         Reflect  .     (no cloak)
rCorr  .         Harm     .     f - +0 pair of gloves
MR     .....                    (no boots)
Stlth  +.........               (no amulet)
                                (no ring)
                                (no ring)

@: no status effects
A: no striking features
a: no special abilities


You were on level 3 of the Dungeon.
You were not hungry.

You visited 1 branch of the dungeon, and saw 3 of its levels.

You collected 127 gold pieces.

Inventory:

Hand Weapons
 a - a +0 falchion (weapon)
Armour
 b - a +0 leather armour (worn)
 f - a +0 pair of gloves (worn)
 i - a cursed +0 pair of boots
Scrolls
 d - a scroll of enchant armour {unknown}
 h - 3 scrolls of identify {unknown}
 k - 2 scrolls of remove curse {unknown}
Potions
 j - a potion of invisibility {unknown}
 m - a potion of resistance {unknown}
 n - a potion of flight {unknown}
Books
 c - a book of Battle

   Spells                             Type                      Level
   a - Infusion                       Charms                       1
   b - Shroud of Golubria             Charms/Translocation         2
   c - Song of Slaying                Charms                       2
   d - Spectral Weapon                Hexes/Charms                 3
   e - Regeneration                   Charms/Necromancy            3
Comestibles
 l - a royal jelly


   Skills:
 * Level 3.3 Fighting
 - Level 2.0 Long Blades
 + Level 1.9 Armour
 + Level 1.6 Dodging
 - Level 2.0 Spellcasting
 + Level 3.4 Charms


You had 6 spell levels left.
You knew the following spells:

 Your Spells              Type           Power        Failure   Level  Hunger
a - Infusion              Chrm           #...         12%         1    ##.....


Dungeon Overview and Level Annotations

Branches:
Dungeon (2/15)

Altars:


Message History

* * * LOW HITPOINT WARNING * * *
You feel better. Something hits you but does no damage.
You hit something. Something hits you.
You miss something. Something hits you but does no damage.
You miss something.
Something hits you but does no damage. x2
You closely miss something. Something hits you.
* * * LOW HITPOINT WARNING * * *
You miss something.
You hear some strange, mumbled words.
A puff of flame appears from out of thin air!
The puff of flame hits you!
* * * LOW HITPOINT WARNING * * *
You miss something.
You hear some strange, mumbled words.
Something tries to affect you, but you resist.
It was a potion of magic.
Magic courses through your body. Something completely misses you.
You barely miss something. Something hits you but does no damage.
You barely miss something. Something hits you.
You die...

#. #. #.
#.# #..
#..
#..####
#..@{.#
##.###.#
#......#
#.#.#..#
#....†.#
###.o..#
#.......#
#.......#
+....(...


There were no monsters in sight!

Vanquished Creatures
  An orc priest (D:3)
  2 dart slugs (D:1)
  An orc (D:3)
  2 ball pythons (D:2)
  7 goblins
  8 hobgoblins
  3 bats
  A frilled lizard (D:1)
  4 kobolds
  9 rats
38 creatures vanquished.

Notes
Turn   | Place    | Note
-------+----------+-------------------------------------------
     0 | D:1      | Nelagord the Human Skald began the quest for the Orb.
     0 | D:1      | Reached XP level 1. HP: 16/16 MP: 3/3
   507 | D:1      | Reached XP level 2. HP: 14/22 MP: 5/5
   979 | D:1      | Reached XP level 3. HP: 28/28 MP: 6/6
  2072 | D:2      | You fall through a shaft!
  2091 | D:3      | Reached XP level 4. HP: 15/35 MP: 7/7
  2103 | D:3      | HP: 1/35 [something/puff of flame (6)]
  2107 | D:3      | Slain by an orc wizard

Skill      XL: |  1  2  3 |
---------------+----------+-----
Fighting       | 3 |  3.3
Long Blades    | |  2.0
Armour         | |  1.9
Dodging        | |  1.6
Spellcasting   | |  2.0
Charms         | |  3.4

Action                   |  1- 3 |  4- 6 || total
-------------------------+-------+-------++-------
Melee: Falchion          |   113 |    13 ||   126
  Use: Potion            |       |     3 ||     3
  Eat: Bread ration      |     1 |       ||     1
Armor: Leather armour    |    29 |     5 ||    34
Dodge: Dodged            |    66 |     1 ||    67
       Rpst.: Falchion   |    28 |       ||    28
